 Dungeon Crawl Stone Soup version 0.30-a0-469-g84de5afbc5 (webtiles) character file.

Game seed: 5577219611479535236

3747515 Anon1729 the Phalangite (level 25, 247/247 HPs)
             Began as a Meteoran Monk on Dec 19, 2022.
             Was the Champion of Jiyva.
             Escaped with the Orb
             ... and 3 runes!
             The game lasted 02:38:10 (18213 turns).

Anon1729 the Phalangite (Meteoran Monk)            Turns: 18213, Time: 02:38:10

Health: 247/247    AC: 31    Str: 29    XL:     25   Next: 16%
Magic:  33/33      EV: 27    Int:  8    God:    Jiyva [******]
Gold:   1200       SH: 11    Dex: 22    Spells: 22/24 levels left

rFire   + + +      SeeInvis +    R - +8 trishula "Condemnation" {holy, anguish, *Noise Fly rN+}
rCold   + . .      Faith    .    V - +3 buckler {rF+}
rNeg    + . .      Spirit   +    T - quicksilver dragon scales
rPois   +          Reflect  .    (helmet unavailable)
rElec   +          Harm     +    (no cloak)
rCorr   +          Rampage  .    H - +1 pair of gloves of Vuecos {Harm MP+9 Str+8}
Will    ++++.                    (no boots)
Stlth   +.........               S - amulet of Summer {Spirit rElec SInv}
HPRegen 2.21/turn                P - ring "Raotz" {rC+ Stlth+}
MPRegen 0.73/turn                K - ring "Faoblat" {rPois rF++ rCorr AC+4 Int-4}

@: flying, glowing
A: sense surroundings 3, otherworldly, glowing, explore regen, claws 1, horns 3,
iridescent scales 3, mutation resistance 1, robust 1, eyeballs 1, gelatinous
body 1, translucent skin 2, engulf
0: Orb of Zot
}: 3/15 runes: decaying, slimy, gossamer
a: Renounce Religion, Oozemancy, Slimify


You escaped.
You worshipped Jiyva.
Jiyva was exalted by your worship.
You visited 8 branches of the dungeon, and saw 45 of its levels.
You also visited: Gauntlet and Ice Cave.

You collected 1512 gold pieces.
You spent 312 gold pieces at shops.

Inventory:

Hand Weapons
 R - the +8 trishula "Condemnation" (weapon) {holy, anguish, *Noise Fly rN+}
   (You found it in a Gauntlet)

   It has been blessed by the Shining One to cause great damage to the undead
   and demons.
   It inflicts anguish, making its victims' attacks reflect back on them.
   rN:        It protects you from negative energy.
   Fly:       It grants you flight.
   *Noise:    It may make noises in combat.
Armour
 p - a +2 tower shield
 H - the +1 pair of gloves of Vuecos (worn) {Harm MP+9 Str+8}
   (You found it on level 13 of the Dungeon)

   Str:       It affects your strength (+8).
   MP:        It affects your magic capacity (+9).
   Harm:      It increases damage dealt and taken.
 O - the +2 faerie dragon scales {rF+ rCorr MP+8}
   (You found it on level 3 of the Depths)

   rF:        It protects you from fire.
   MP:        It affects your magic capacity (+8).
   rCorr:     It protects you from acid and corrosion.
 Q - the +3 hat of Carved Awe {SInv}
   (You found it in a Gauntlet)

   SInv:      It lets you see invisible.
 T - quicksilver dragon scales (worn)
 V - a +3 buckler of fire resistance (worn)
 Y - +5 storm dragon scales {Bai Suzhen}
Jewellery
 b - the ring "Kezentod" {rF+++ rC+ Will+ Str+6 Dex-5}
   (You found it on level 4 of the Realm of Zot)

   [ring of protection from cold]

   Str:       It affects your strength (+6).
   Dex:       It affects your dexterity (-5).
   rF:        It renders you almost immune to fire.
   rC:        It protects you from cold.
   Will:      It increases your willpower.
 E - the amulet of Kefik {rN+ Regen+}
   (You found it in an ice cave)

   [amulet of regeneration]

   rN:        It protects you from negative energy.
   Regen:     It increases your rate of health regeneration.
 K - the ring "Faoblat" (right hand) {rPois rF++ rCorr AC+4 Int-4}
   (You found it on level 4 of the Lair of Beasts)

   [ring of protection]

   AC:        It affects your AC (+4).
   Int:       It affects your intelligence (-4).
   rF:        It greatly protects you from fire.
   rPois:     It protects you from poison.
   rCorr:     It protects you from acid and corrosion.
 L - the ring "Xateopyj" {rF+ rN+ Dex+6 Slay+2}
   (You found it on level 5 of the Pits of Slime)

   [ring of dexterity]

   Dex:       It affects your dexterity (+6).
   Slay:      It affects your accuracy & damage with ranged weapons and melee
   (+2).
   rF:        It protects you from fire.
   rN:        It protects you from negative energy.
 P - the ring "Raotz" (left hand) {rC+ Stlth+}
   (You found it on level 5 of the Pits of Slime)

   [ring of protection from cold]

   rC:        It protects you from cold.
   Stlth:     It makes you more stealthy.
 S - the amulet of Summer (around neck) {Spirit rElec SInv}
   (You found it in an ice cave)

   [amulet of guardian spirit]

   It causes incoming damage to be divided between your reserves of health and
   magic.
   rElec:     It insulates you from electricity.
   SInv:      It lets you see invisible.
Wands
 s - a wand of roots (2)
 x - a wand of acid (5)
 y - a wand of digging (4)
 F - a wand of polymorph (12)
 J - a wand of charming (18)
 N - a wand of mindburst (12)
 Z - a wand of flame (7)
Scrolls
 f - a scroll of amnesia
 g - a scroll of silence
 h - 2 scrolls of vulnerability
 l - 4 scrolls of fear
 t - 2 scrolls of poison
 v - a scroll of immolation
 w - 2 scrolls of torment
 z - 9 scrolls of teleportation
 D - 2 scrolls of fog
 M - 2 scrolls of blinking
Potions
 a - 2 potions of resistance
 c - 9 potions of ambrosia
 d - 7 potions of curing
 i - 4 potions of berserk rage
 j - 4 potions of might
 k - a potion of haste
 m - 5 potions of mutation
 u - 4 potions of brilliance
 A - 3 potions of attraction
 B - 2 potions of magic
 C - 2 potions of lignification
 I - 2 potions of cancellation
 X - 2 potions of heal wounds
Miscellaneous
 e - a condenser vane
 o - a lightning rod (4/4)
 q - a box of beasts
 G - a phantom mirror
 U - a phial of floods


   Skills:
 + Level 18.4 Fighting
 - Level 16.7 Maces & Flails
 + Level 23.1 Polearms
 + Level 21.9 Armour
 + Level 19.7 Dodging
 - Level 1.7 Stealth
 + Level 13.1 Shields
 - Level 8.0 Translocations
 + Level 16.3 Evocations


You had 22 spell levels left.
You knew the following spells:

 Your Spells              Type           Power      Damage    Failure   Level
a - Blink                 Tloc           24%        N/A       3%          2

Your spell library contained the following spells:

 Spells                   Type           Power      Damage    Failure   Level
 Lesser Beckoning         Tloc           24%        N/A       7%          3
 Momentum Strike          Conj/Tloc      12%        3d8       19%         2
 Passage of Golubria      Tloc           12%        N/A       22%         4
 Portal Projectile        Hex/Tloc       12%        N/A       34%         3
 Beastly Appendage        Tmut           0%         N/A       52%         1
 Kiss of Death            Conj/Necr      0%         2d5       52%         1
 Magic Dart               Conj           0%         1d3       52%         1
 Shock                    Conj/Air       0%         1d3       52%         1
 Kindle Blastsparks       Fire/Tloc/Air  8%         2d10      54%         3
 Searing Ray              Conj           0%         2d4       67%         2
 Wereblood                Tmut           0%         N/A       67%         2
 Iskenderun's Mystic Bla  Conj/Tloc      6%         2d4       75%         4
 Confusing Touch          Hex            0%         N/A       88%         3
 Frozen Ramparts          Ice            0%         1d1       88%         3
 Ignite Poison            Fire/Tmut/Pois 0%         N/A       88%         3
 Mephitic Cloud           Conj/Pois/Air  0%         N/A       88%         3
 Spider Form              Tmut/Pois      0%         N/A       88%         3
 Tukima's Dance           Hex            0%         N/A       88%         3
 Summon Forest            Summ/Tloc      3%         N/A       97%         5
 Dispel Undead            Necr           0%         3d6       99%         4
 Ice Form                 Ice/Tmut       0%         N/A       99%         4
 Summon Ice Beast         Ice/Summ       0%         N/A       99%         4
 Blade Hands              Tmut           0%         N/A       100%        5
 Freezing Cloud           Conj/Ice/Air   0%         6-21      100%        5
 Summon Mana Viper        Hex/Summ       0%         N/A       100%        5
 Yara's Violent Unravell  Hex/Tmut       0%         3d3       100%        5
 Monstrous Menagerie      Summ           0%         N/A       100%        7
 Lehudib's Crystal Spear  Conj/Erth      0%         10d2      100%        8


Dungeon Overview and Level Annotations

Branches:
Dungeon (15/15)            Temple (0/1) D:4            Lair (5/5) D:11
  Swamp (4/4) Lair:3       Spider (4/4) Lair:2        Slime (5/5) Lair:5
 Vaults (3/5) D:14         Depths (4/4) D:15            Zot (5/5) Depths:4
  IceCv (visited)         Gauntlet (visited)
    Orc: D:9-12       Crypt: Vaults:2-3

Altars:
Dithmenos
Gozag
Okawaru
Qazlal
Sif Muna
Trog
Yredelemnul
The Shining One
Jiyva

Shops:
Depths:1 ?   Depths:2 (   Depths:3 :

Portals:
Hell: Depths:3 Depths:4
Abyss: Depths:1
Pandemonium: Depths:3 Depths:4
Ziggurat: Depths:3

Annotations:
D:9 3 runed translucent doors, exclusion: obsidian statue, magipi's ghost, novice GrBe
Lair:1 2 transporters, Ygrymigh's ghost, journeyman NaNe
Lair:4 3 runed translucent doors, Wuploot's ghost, journeyman DrCj
Swamp:2 1 transporter
Slime:5 Royal Jelly
Vaults:1 2 transporters, exclusion: orange crystal statue
Vaults:2 exclusion: downstairs, Zenata
Vaults:3 Mennas
Depths:2 2 transporters
Zot:3 exclusion: upstairs


Innate Abilities, Weirdness & Mutations

You passively map a large area around you.
You are easily found by Zot.
You glow in the dark.
You regain HP and MP as you explore.
You have sharp fingernails.
You have a pair of large horns on your head.
You are completely covered in iridescent scales. (AC +6)
You are somewhat resistant to further mutation.
You are robust. (+10% HP)
Your body has grown eyes which may confuse attackers. (Acc +3)
Your rubbery body absorbs attacks. (AC +1, EV +1)
Your translucent skin reduces your foes' accuracy. (Stealth+)
Your melee attacks may engulf your foes in ooze.


Message History

a +0 leather armour; a +0 hand axe
There is a stone staircase leading up here.
You fly upwards.
There is a stone staircase leading down here.
You hear a distant slurping noise.
You hear a distant slurping noise.
There is an open door here.
You hear a distant slurping noise.
You hear a distant slurping noise.
There is an open door here.
There is a stone staircase leading up here.
You hear a distant slurping noise.
You fly upwards.
There is a stone staircase leading down here.
You hear a distant slurping noise.
There is a stone staircase leading up here.
You fly upwards.
There is a stone staircase leading down here.
An ice devil comes into view.
You reach to attack!
You impale the ice devil!!
The ice devil convulses!!
You kill the ice devil!
(D) Dungeon (T) Temple (L) Lair (S) Swamp (N) Spider Nest (M) Slime Pits (V) Vaults (U) Depths (H) Hell (Z) Zot
Where to? (Enter - D:1, ? - help)
There is a stone staircase leading up here.
You fly upwards.
There is a stone staircase leading down here.
The goblin shouts!
You reach to attack!
You closely miss the goblin.
The trishula "Condemnation" sings the blessed song of the angels.
You hit the goblin but do no damage. You headbutt the goblin.
You kill the goblin!
Things that are here:
a +0 dagger of distortion; a +0 chain mail; a scroll of identify
There is a staircase leading out of the dungeon here.
Okay, then.
You drop 7 curare-tipped darts.
You drop 2 boomerangs of dispersal.
You have escaped!

##.............#. ... #....#
##............... ## #.#..###
##............... , #.##...##
....#.......♣♣♣♣♣♣♣♣♣. ##.##)#.>.
...........♣..PP..PP♣.##..##.####
...........♣...P..PP♣..........##
......#.#..♣P...PP..♣..........##
...........♣PP...P..♣..........##
......#....♣..P.@.PP♣..........##
.....##....♣..PP...P♣..........[.
....###)#..♣PP..P...♣...........#
...## #.#..♣PP..PP..♣......)....#
..#####.†..♣♣♣♣♣♣♣♣♣..>)##.##.#.#
..# #.................)###......#
### ###.#................))......
#............#########....#
##...........# ##..##


There were no monsters in sight!

Vanquished Creatures
  2 dread liches (Zot:4)
  2 ancient liches (Zot:5)
  3 orbs of fire (Zot:5)
  Bai Suzhen (Swamp:4)
  3 Killer Klowns (Zot:5)
  Frederick (Depths:3)
  Margery (Vaults:2)
  A curse toe (Zot:5)
  2 golden dragons
  Arachne (Spider:2)
  2 electric golems (Zot:5)
  A Tzitzimitl (D:6)
  An Ice Fiend (D:15)
  7 tentacled monstrosities
  5 liches
  23 Orb Guardians
  6 death cobs
  2 quicksilver dragons
  2 ancient champions (Depths:2)
  An Executioner (D:7)
  6 shadow dragons
  A sphinx (Zot:4)
  2 tengu reavers
  A thorn hunter (Swamp:4)
  7 storm dragons
  Donald (Vaults:1)
  3 frost giants
  A daeva (Depths:2)
  4 draconian monks
  3 draconian knights
  4 emperor scorpions
  3 vault wardens
  2 ghost moths
  2 draconian stormcallers
  Aizul (Swamp:1)
  2 fire giants
  2 iron dragons
  3 spriggan defenders (Depths:3)
  2 draconian shifters
  2 spectral caustic shrikes (Depths:3)
  4 ghouls (Swamp:3)
  2 draconian annihilators
  A draconian scorcher (Zot:1)
  4 ironbound preservers
  13 very ugly things
  3 stone giants
  5 ironbound thunderhulks
  3 vampire knights
  4 green draconians
  9 broodmothers
  3 dire elephants (Vaults:1)
  7 black draconians
  2 eleionomae
  4 bunyips
  6 white draconians
  7 yellow draconians
  7 red draconians
  8 purple draconians
  A minotaur (Gauntlet)
  A blizzard demon (Depths:4)
  4 ettins
  2 shambling mangroves
  4 fire dragons
  5 entropy weavers
  3 ice dragons
  5 yaktaur captains
  16 hydras
  2 rakshasas
  3 ogre magi
  2 jorogumos
  2 vault guards (Vaults:3)
  4 ironbound frosthearts
  9 alligators
  A radroach (Spider:2)
  4 spriggan air magi
  12 centaur warriors
  14 two-headed ogres
  7 boulder beetles
  5 death yaks (Lair:2)
  2 deep troll earth magi
  4 vampire magi
  6 tengu warriors
  A spriggan berserker (Depths:1)
  4 hell knights (Vaults:2)
  A soul eater (Depths:4)
  4 pharaoh ants
  12 deep trolls
  2 goliath frogs
  5 skeletal warriors (D:14)
  A golden dragon zombie (D:15)
  A steelbarb worm (Spider:2)
  2 cherubim (Depths:2)
  A death drake (shapeshifter) (D:14)
  2 iron trolls (Depths:4)
  5 orb spiders
  3 spriggan druids
  14 swamp dragons
  An orange crystal statue (IceCv)
  A sphinx zombie (Depths:1)
  14 necromancers
  2 wizards
  5 lindwurms
  3 ironbound convokers
  4 deep elf pyromancers
  A golden dragon skeleton (Depths:1)
  19 wolf spiders
  21 ugly things
  3 cyclopes
  A manticore (D:15)
  7 will-o-the-wisps
  2 stone giant zombies
  11 moths of wrath
  17 elephants
  5 vault sentinels
  11 black mambas
  9 torpor snails
  A fire giant skeleton (D:15)
  A rust devil (Depths:4)
  A guardian serpent (Lair:5)
  8 storm dragon simulacra (IceCv)
  2 smoke demons
  A gargoyle (D:13)
  3 rime drakes
  2 unseen horrors
  A kobold demonologist (D:10)
  A freezing wraith (Vaults:3)
  15 cane toads
  An orange demon (Depths:4)
  2 demonic crawlers (Spider:4)
  18 yaktaurs
  5 komodo dragons
  2 ice devils
  2 efreet
  A human skeleton (Vaults:3)
  3 tengu conjurers
  4 golden dragon simulacra (IceCv)
  A guardian mummy (D:15)
  4 meliai (Spider:4)
  14 hornets
  5 trolls
  19 tarantellas
  A polar bear (Lair:3)
  6 tyrant leeches
  2 sphinx simulacra (Depths:3)
  An iron dragon simulacrum (Depths:3)
  3 dream sheep (Lair:5)
  15 flying skulls (Zot:1)
  19 jumping spiders
  An ettin skeleton (Vaults:3)
  14 spriggans
  A shadow (D:11)
  3 wraiths
  A vampire (D:13)
  15 culicivoras
  5 water elementals
  9 wyverns
  A spriggan skeleton (Depths:1)
  6 basilisks
  14 yaks
  2 chaos spawn
  Grum (D:8)
  45 redbacks
  5 steam dragons
  5 vampire mosquitoes
  Edmund (D:6)
  A human zombie (D:15)
  A yaktaur simulacrum (Vaults:3)
  9 swamp worms
  An acid dragon (D:10)
  23 water moccasins
  12 swamp drakes
  5 orc warriors
  2 ice beasts (D:6)
  3 ice dragon simulacra (IceCv)
  5 ogres
  8 wolves
  7 centaurs
  A kobold brigand (D:10)
  2 gnoll sergeants
  2 necrophages
  10 bullfrogs
  A scorpion (D:4)
  4 wights (D:6)
  6 lindwurm simulacra (IceCv)
  8 killer bees
  7 orc priests
  5 iguanas
  6 hell rats (Lair:1)
  7 orc wizards
  Robin (D:2)
  6 adders
  11 gnolls
  2 white imps (D:6)
  A worm (D:2)
  A dart slug (D:2)
  36 orcs
  8 bats
  An endoplasm (D:1)
  A giant cockroach (D:2)
  13 goblins
  9 hobgoblins
  8 jackals
  7 kobolds
  A quokka (D:2)
  3 ball pythons
  4 frilled lizards
  6 rats
1072 creatures vanquished.

Vanquished Creatures (collateral kills)
  A spectral caustic shrike (Depths:3)
  An ettin (Depths:3)
  A hydra (Swamp:4)
  A tengu warrior (D:14)
  Sonja (D:10)
  A pharaoh ant (Spider:1)
  A swamp dragon (Swamp:4)
  3 orb spiders
  A wolf spider (Spider:2)
  A tengu conjurer (D:14)
  A hornet (Spider:1)
  3 tarantellas (Spider:2)
  A blink frog (shapeshifter) (Spider:2)
  A culicivora (Spider:4)
  3 redbacks
21 creatures vanquished.

Vanquished Creatures (others)
  2 orbs of fire (Zot:5)
  Josephina (Depths:3)
  A curse toe (Zot:4)
  the Enchantress (Depths:3)
  2 tentacled monstrosities (Zot:2)
  3 Orb Guardians (Zot:5)
  A sphinx (Vaults:1)
  A thorn hunter (Swamp:4)
  2 daevas (Depths:2)
  An azure jelly (Zot:5)
  A frost giant (Depths:4)
  A draconian knight (IceCv)
  2 draconian stormcallers
  A draconian shifter (Zot:4)
  2 ironbound preservers (Vaults:3)
  2 very ugly things (Depths:4)
  A broodmother (shapeshifter) (Vaults:1)
  2 green draconians
  3 dire elephants (Vaults:1)
  2 white draconians (IceCv)
  A spark wasp (Spider:4)
  A bunyip (shapeshifter) (Depths:4)
  A yellow draconian (Depths:4)
  2 bunyips
  A shambling mangrove (Swamp:2)
  An entropy weaver (Spider:4)
  3 great orbs of eyes
  A yaktaur captain (Depths:3)
  A hydra (Swamp:4)
  A spriggan air mage (Depths:3)
  A death knight (D:14)
  2 ironbound frosthearts
  A boulder beetle (Spider:1)
  2 radroaches
  3 centaur warriors
  A two-headed ogre (Vaults:1)
  An alligator (Swamp:3)
  A glowing orange brain (Swamp:2)
  2 iron trolls (Depths:4)
  A deep troll (Vaults:1)
  An orb spider (Spider:4)
  3 spriggan druids
  A swamp dragon (Swamp:3)
  A glowing orange brain (shapeshifter) (Gauntlet)
  2 wizards
  A lindwurm (Lair:1)
  A harpy (Vaults:2)
  A deep elf pyromancer (D:13)
  2 manticores
  An ugly thing (D:13)
  2 black mambas (Lair:5)
  A toenail golem (D:6)
  2 vault sentinels
  2 cane toads (Lair:5)
  2 komodo dragons
  5 yaktaurs
  A kobold demonologist (D:12)
  A bloated husk (Swamp:1)
  2 polar bears (Lair:3)
  A shadow dragon simulacrum (Depths:3)
  22 slime creatures
  A tarantella (shapeshifter) (Gauntlet)
  2 tarantellas (Spider:4)
  A slime creature (shapeshifter) (Depths:4)
  2 floating eyes (Zot:4)
  3 jumping spiders
  A spriggan (shapeshifter) (Gauntlet)
  A culicivora (Spider:4)
  A yak (Lair:1)
  2 wyverns (Lair:5)
  4 redbacks
  A black bear (D:4)
  A wolf (Lair:1)
  3 centaurs (D:15)
  A phantom (D:6)
  83 jellies
  A hound (D:4)
  A gnoll bouda (D:5)
  A bullfrog skeleton (D:4)
  Crazy Yiuf (D:7)
  3 orc wizards
  A gnoll (D:5)
  2 adders
  A dart slug (D:4)
  4 orcs
  A ball python (D:4)
  6 endoplasms
  A giant cockroach (D:4)
  A goblin (D:4)
  A hobgoblin (D:4)
  3 kobolds
  5 briar patches (Swamp:4)
  12 foxfires
  43 fungi
  97 plants
  4 withered plants (D:15)
411 creatures vanquished.

Grand Total: 1504 creatures vanquished

Notes
Turn   | Place    | Note
-------+----------+-------------------------------------------
     0 | D:1      | Anon1729 the Meteoran Monk began the quest for the Orb.
     0 | D:1      | Reached XP level 1. HP: 19/19 MP: 2/2
    49 | D:1      | Reached XP level 2. HP: 26/26 MP: 3/3
   128 | D:2      | Reached XP level 3. HP: 9/31 MP: 4/4
   145 | D:2      | Noticed Robin
   324 | D:1      | Reached skill level 1 in Armour
   437 | D:2      | Reached XP level 4. HP: 40/40 MP: 5/5
   575 | D:3      | Found a faded altar of an unknown god.
   585 | D:3      | Prayed at the altar of an unknown god.
   585 | D:3      | Became a worshipper of Jiyva Jafot the Shapeless
   585 | D:3      | Reached * piety under Jiyva
   585 | D:3      | Reached ** piety under Jiyva
   680 | D:3      | Reached skill level 5 in Maces & Flails
   680 | D:3      | Reached XP level 5. HP: 46/46 MP: 6/6
   699 | D:3      | Reached *** piety under Jiyva
   733 | D:3      | Gained mutation: Armour fits poorly on your pseudopods.
                  | [Jiyva's grace]
   733 | D:3      | Gained mutation: Armour fits poorly on your large
                  | pseudopods. [Jiyva's grace]
   733 | D:3      | Gained mutation: Armour fits poorly on your massive
                  | pseudopods. [Jiyva's grace]
   733 | D:3      | Gained mutation: You are strong-willed. (Will+) [Jiyva's
                  | grace]
   821 | D:2      | Killed Robin
   991 | D:4      | Reached XP level 6. HP: 11/53 MP: 7/7
  1011 | D:4      | Killed a black bear
  1022 | D:4      | Found a staircase to the Ecumenical Temple.
  1281 | D:4      | Reached XP level 7. HP: 56/60 MP: 8/8
  1284 | D:4      | Reached **** piety under Jiyva
  1366 | D:5      | Entered Level 5 of the Dungeon
  1519 | D:6      | Reached skill level 5 in Fighting
  1519 | D:6      | Reached skill level 5 in Dodging
  1610 | D:6      | Noticed Edmund
  1618 | D:6      | Killed Edmund
  1644 | D:6      | Reached XP level 8. HP: 68/68 MP: 9/9
  1759 | D:6      | Found a shimmering blue altar of Sif Muna.
  1885 | D:7      | Reached skill level 5 in Armour
  1885 | D:7      | Gained mutation: You passively map the area around you.
                  | [Meteoran growth]
  1885 | D:7      | Reached XP level 9. HP: 75/75 MP: 10/10
  1944 | D:7      | Killed Crazy Yiuf
  1964 | D:7      | Reached ***** piety under Jiyva
  2049 | D:7      | Noticed a troll
  2062 | D:7      | Killed a troll
  2161 | D:8      | Reached skill level 10 in Maces & Flails
  2172 | D:8      | Noticed Grum
  2183 | D:8      | Reached XP level 10. HP: 59/86 MP: 11/11
  2189 | D:8      | Killed Grum
  2219 | D:8      | Gained mutation: You are partially covered in iridescent
                  | scales. (AC +2) [Jiyva's grace]
  2219 | D:8      | Gained mutation: You are mostly covered in iridescent
                  | scales. (AC +4) [Jiyva's grace]
  2219 | D:8      | Gained mutation: You are completely covered in iridescent
                  | scales. (AC +6) [Jiyva's grace]
  2219 | D:8      | Gained mutation: You are highly strong-willed. (Will++)
                  | [Jiyva's grace]
  2587 | D:9      | Found a runed translucent gate.
  2587 | D:9      | Found a runed translucent gate.
  2587 | D:9      | Found a runed translucent gate.
  2588 | D:9      | Found an opulent altar of Gozag.
  2588 | D:9      | Noticed magipi's ghost (novice GrBe)
  2588 | D:9      | Noticed an obsidian statue
  2588 | D:9      | Noticed a boulder beetle
  2621 | D:10     | Entered Level 10 of the Dungeon
  2745 | D:10     | Noticed a two-headed ogre
  2754 | D:10     | Noticed a two-headed ogre
  2757 | D:10     | Reached XP level 11. HP: 94/94 MP: 12/12
  2759 | D:10     | Killed a two-headed ogre
  2759 | D:10     | Noticed a purple ugly thing
  2767 | D:10     | Killed a two-headed ogre
  2770 | D:10     | Killed a purple ugly thing
  3092 | D:10     | Noticed Sonja
  3102 | D:10     | Killed Sonja
  3150 | D:11     | Noticed a two-headed ogre
  3168 | D:11     | Killed a two-headed ogre
  3262 | D:11     | Reached skill level 10 in Dodging
  3384 | D:11     | Reached XP level 12. HP: 98/105 MP: 13/13
  3477 | D:11     | Found a staircase to the Lair.
  3517 | D:11     | Reached skill level 15 in Maces & Flails
  3600 | Lair:1   | Entered Level 1 of the Lair of Beasts
  3619 | Lair:1   | Gained mutation: You are somewhat resistant to further
                  | mutation. [Jiyva's grace]
  3619 | Lair:1   | Gained mutation: You are somewhat resistant to both further
                  | mutation and mutation removal. [Jiyva's grace]
  3619 | Lair:1   | Gained mutation: You are almost entirely resistant to
                  | further mutation and mutation removal. [Jiyva's grace]
  3619 | Lair:1   | Gained mutation: Your rubbery body absorbs attacks. (AC +1,
                  | EV +1) [Jiyva's grace]
  3622 | Lair:1   | Found a shadowy altar of Dithmenos.
  3740 | Lair:1   | Found a transporter.
  3764 | Lair:1   | Noticed a five-headed hydra
  3772 | Lair:1   | Found a gate leading to a gauntlet.
  3800 | Lair:1   | Found a transporter.
  3834 | Gauntlet | Entered a Gauntlet
  3834 | Gauntlet | Noticed a harpy
  3834 | Gauntlet | Found a transporter.
  3834 | Gauntlet | Found a transporter.
  3837 | Gauntlet | Found a transporter.
  3838 | Gauntlet | a harpy changed into a troll
  3839 | Gauntlet | Found a transporter.
  3840 | Gauntlet | a culicivora changed into an entropy weaver
  3840 | Gauntlet | Noticed an entropy weaver (shapeshifter)
  3841 | Gauntlet | Found a transporter.
  3843 | Gauntlet | an entropy weaver changed into a salamander
  3859 | Gauntlet | Found a transporter.
  3885 | Gauntlet | Found a transporter.
  3901 | Gauntlet | Noticed a fire crab
  3904 | Gauntlet | Found a transporter.
  3904 | Gauntlet | Found a transporter.
  3905 | Gauntlet | Found a transporter.
  3906 | Gauntlet | Noticed a dire elephant
  3907 | Gauntlet | a fire crab changed into a spriggan
  3913 | Gauntlet | Noticed a sixfirhy
  3914 | Gauntlet | Noticed a sixfirhy
  3917 | Gauntlet | Found a transporter.
  3930 | Gauntlet | Found a runed translucent door.
  3932 | Gauntlet | Found a transporter.
  3933 | Gauntlet | Found the +8 trishula "Condemnation" {holy, anguish, *Noise
                  | Fly rN+}
  3934 | Gauntlet | Found a runed translucent door.
  3942 | Gauntlet | Found a transporter.
  3956 | Gauntlet | Found a transporter.
  3972 | Gauntlet | Noticed a glowing orange brain
  3974 | Gauntlet | a glowing orange brain changed into a slime creature
  4004 | Gauntlet | Noticed a fire crab
  4047 | Gauntlet | Reached skill level 10 in Armour
  4053 | Gauntlet | Killed a glowing orange brain
  4057 | Gauntlet | Reached skill level 10 in Fighting
  4088 | Gauntlet | Identified the +3 hat of Carved Awe {SInv}
  4136 | Gauntlet | Identified the +1 helmet "Icluevuw" {rPois rCorr Int+4
                  | Slay-2}
  4171 | Gauntlet | Noticed a minotaur
  4193 | Gauntlet | Killed a minotaur
  4241 | Lair:1   | Noticed Ygrymigh's ghost (journeyman NaNe)
  4273 | Lair:2   | Found a hole to the Spider Nest.
  4342 | Lair:2   | Reached XP level 13. HP: 109/114 MP: 14/14
  4461 | Lair:3   | Reached skill level 2 in Polearms
  4521 | Lair:3   | Reached skill level 3 in Polearms
  4527 | Lair:3   | Reached ****** piety under Jiyva
  4652 | Lair:2   | Reached skill level 4 in Polearms
  4807 | Lair:1   | Lost mutation: You are completely covered in iridescent
                  | scales. (AC +6) [Jiyva's grace]
  4807 | Lair:1   | Lost mutation: Armour fits poorly on your massive
                  | pseudopods. [Jiyva's grace]
  4807 | Lair:1   | Gained mutation: Your mind is acute. (Int +4, Str/Dex -1)
                  | [Jiyva's grace]
  4807 | Lair:1   | Gained mutation: Your mind is very acute. (Int +8, Str/Dex
                  | -2) [Jiyva's grace]
  4807 | Lair:1   | Gained mutation: Your flesh is cold resistant. (rC+)
                  | [Jiyva's grace]
  4807 | Lair:1   | Gained mutation: Your flesh is very cold resistant. (rC++)
                  | [Jiyva's grace]
  4816 | Lair:1   | Reached skill level 5 in Polearms
  4878 | Lair:1   | Reached skill level 6 in Polearms
  4904 | Lair:1   | Reached skill level 7 in Polearms
  5017 | Lair:4   | Reached skill level 8 in Polearms
  5025 | Lair:4   | Noticed a boulder beetle
  5034 | Lair:4   | Killed a boulder beetle
  5121 | Lair:4   | Identified the ring "Faoblat" {rPois rF++ rCorr AC+4 Int-4}
  5155 | Lair:4   | Reached skill level 9 in Polearms
  5186 | Lair:4   | Found a runed translucent gate.
  5186 | Lair:4   | Found a runed translucent gate.
  5186 | Lair:4   | Found a runed translucent gate.
  5187 | Lair:4   | Noticed Wuploot's ghost (journeyman DrCj)
  5188 | Lair:4   | Noticed a 14-headed hydra
  5343 | Lair:5   | Entered Level 5 of the Lair of Beasts
  5346 | Lair:5   | Reached skill level 10 in Polearms
  5351 | Lair:5   | Noticed a six-headed hydra
  5384 | Lair:5   | Killed a six-headed hydra
  5400 | Lair:5   | Reached skill level 11 in Polearms
  5427 | Lair:5   | Reached XP level 14. HP: 122/122 MP: 15/15
  5475 | Lair:5   | Reached skill level 12 in Polearms
  5653 | Lair:5   | Reached skill level 13 in Polearms
  5690 | Lair:5   | Found a staircase to the Slime Pits.
  5690 | Lair:5   | Found a viscous altar of Jiyva.
  5717 | Slime:1  | Entered Level 1 of the Pits of Slime
  5717 | Slime:1  | Noticed an azure jelly
  5721 | Slime:1  | Noticed a quicksilver ooze
  5726 | Slime:2  | Noticed an acid blob
  5748 | Slime:1  | Noticed an acid blob
  5805 | Slime:3  | Noticed a rockslime
  5891 | Slime:4  | Noticed a quicksilver ooze
  5891 | Slime:4  | Noticed an azure jelly
  5891 | Slime:4  | Noticed an azure jelly
  5898 | Slime:5  | Entered Level 5 of the Pits of Slime
  5898 | Slime:5  | Noticed an acid blob
  5908 | Slime:5  | Noticed an acid blob
  5909 | Slime:5  | Found a viscous altar of Jiyva.
  5911 | Slime:5  | Noticed an acid blob
  5911 | Slime:5  | Noticed an acid blob
  5911 | Slime:5  | Noticed a quicksilver ooze
  5912 | Slime:5  | Noticed an acid blob
  5913 | Slime:5  | Noticed a rockslime
  5915 | Slime:5  | Noticed the Royal Jelly
  5918 | Slime:5  | Identified the ring "Raotz" {rC+ Stlth+}
  5920 | Slime:5  | Noticed an acid blob
  5925 | Slime:5  | Noticed a quicksilver ooze
  5930 | Slime:5  | Got Sif Muna's Incunabulum of Accomplices and Bolts
  5932 | Slime:5  | Identified the +8 shortbow "Geemy" {elec, Dex+4}
  5947 | Slime:5  | Got a slimy rune of Zot
  5948 | Slime:5  | Identified the +3 double sword of Starshine {drain, rF+ rC+
                  | Int+7 Dex+3}
  5950 | Slime:5  | Identified the +1 great sword "Heoz" {protect, rN++ Will+
                  | Str+6}
  5958 | Slime:5  | Identified the ring "Xateopyj" {rF+ rN+ Dex+6 Slay+2}
  5960 | Slime:5  | Identified the +4 broad axe of Emuoss {freeze, Contam rPois
                  | Dex+2}
  5990 | Slime:4  | Noticed an azure jelly
  6039 | Slime:2  | Noticed an acid blob
  6041 | Slime:2  | Noticed an acid blob
  6109 | Lair:5   | Reached skill level 1 in Shields
  6293 | Lair:5   | Reached skill level 5 in Shields
  6469 | Spider:1 | Entered Level 1 of the Spider Nest
  6469 | Spider:1 | Noticed a ghost moth
  6490 | Spider:1 | Killed a ghost moth
  6502 | Spider:1 | Reached XP level 15. HP: 128/130 MP: 5/16
  6526 | Spider:1 | Reached skill level 14 in Polearms
  6612 | Spider:1 | Noticed a broodmother
  6644 | Spider:1 | Killed a broodmother
  6670 | Spider:1 | Lost mutation: You are mostly covered in iridescent scales.
                  | (AC +4) [Jiyva's grace]
  6670 | Spider:1 | Lost mutation: You are partially covered in iridescent
                  | scales. (AC +2) [Jiyva's grace]
  6670 | Spider:1 | Lost mutation: Your mind is very acute. (Int +8, Str/Dex
                  | -2) [Jiyva's grace]
  6670 | Spider:1 | Lost mutation: Your flesh is very cold resistant. (rC++)
                  | [Jiyva's grace]
  6670 | Spider:1 | Lost mutation: You are almost entirely resistant to further
                  | mutation and mutation removal. [Jiyva's grace]
  6670 | Spider:1 | Lost mutation: Your rubbery body absorbs attacks. (AC +1,
                  | EV +1) [Jiyva's grace]
  6670 | Spider:1 | Lost mutation: Armour fits poorly on your large pseudopods.
                  | [Jiyva's grace]
  6670 | Spider:1 | Gained mutation: You have sharp toenails. [Jiyva's grace]
  6670 | Spider:1 | Gained mutation: You have razor-sharp toenails. [Jiyva's
                  | grace]
  6670 | Spider:1 | Gained mutation: You have claws for feet. [Jiyva's grace]
  6670 | Spider:1 | Gained mutation: You have acidic saliva. [Jiyva's grace]
  6976 | Spider:2 | Noticed Jorgrun
  6983 | Spider:1 | Slimified Jorgrun
  6983 | Spider:1 | Jorgrun changed into Jorgrun the acid blob
  6983 | Spider:1 | Noticed Jorgrun
  7113 | Spider:2 | Noticed Arachne
  7133 | Spider:2 | Killed Arachne
  7228 | Spider:2 | Identified the +10 war axe of the Mashing Goat {elec,
                  | Int+2}
  7232 | Spider:2 | Reached skill level 15 in Polearms
  7415 | Spider:3 | Noticed an emperor scorpion
  7423 | Spider:3 | Killed an emperor scorpion
  7487 | Spider:4 | Entered Level 4 of the Spider Nest
  7488 | Spider:4 | Noticed a broodmother
  7493 | Spider:4 | Reached XP level 16. HP: 141/141 MP: 17/17
  7681 | Spider:4 | Noticed an emperor scorpion
  7696 | Spider:4 | Killed an emperor scorpion
  8066 | Spider:4 | Gained mutation: You passively map a large area around you.
                  | [Jiyva's grace]
  8066 | Spider:4 | Gained mutation: Your mind is very acute. (Int +8, Str/Dex
                  | -2) [Jiyva's grace]
  8066 | Spider:4 | Gained mutation: You have a small jelly attached to you
                  | that senses nearby items. [Jiyva's grace]
  8066 | Spider:4 | Gained mutation: You have a pair of small horns on your
                  | head. [Jiyva's grace]
  8087 | Spider:4 | Noticed an emperor scorpion
  8105 | Spider:4 | Killed an emperor scorpion
  8116 | Spider:4 | Reached skill level 16 in Polearms
  8171 | Spider:4 | Reached skill level 1 in Evocations
  8222 | Spider:4 | Noticed an emperor scorpion
  8242 | Spider:4 | Killed an emperor scorpion
  8255 | Spider:4 | Lost mutation: You are highly strong-willed. (Will++)
                  | [potion of mutation]
  8255 | Spider:4 | Lost mutation: You passively map a large area around you.
                  | [potion of mutation]
  8464 | Spider:4 | Reached XP level 17. HP: 145/150 MP: 18/18
  8485 | Spider:4 | Got a gossamer rune of Zot
  8663 | Spider:2 | Reached skill level 5 in Evocations
  8763 | Lair:2   | Reached skill level 17 in Polearms
  9194 | Lair:3   | Found a staircase to the Swamp.
  9205 | Swamp:1  | Entered Level 1 of the Swamp
  9442 | Swamp:1  | Noticed Aizul
  9456 | Swamp:1  | Killed Aizul
  9616 | Swamp:2  | Identified a scroll of acquirement
  9616 | Swamp:2  | Acquired a manual of Armour
  9643 | Swamp:2  | Found a transporter.
  9653 | Swamp:2  | Noticed an Executioner
  9661 | Swamp:2  | Identified the +8 hand axe "Ongemeiq" {venom, rPois rCorr
                  | Str+6 Dex-2}
  9769 | Swamp:3  | Found an iron altar of Okawaru.
  9783 | Swamp:4  | Entered Level 4 of the Swamp
  9783 | Swamp:4  | Noticed a thorn hunter
  9793 | Swamp:4  | Noticed Bai Suzhen
  9794 | Swamp:4  | Killed a thorn hunter
  9924 | Swamp:4  | Reached skill level 15 in Armour
  9924 | Swamp:4  | Reached skill level 15 in Dodging
  9924 | Swamp:4  | Gained mutation: You passively map a large area around you.
                  | [Meteoran growth]
  9924 | Swamp:4  | Reached XP level 18. HP: 100/160 MP: 19/19
  9926 | Swamp:4  | Killed Bai Suzhen
  9927 | Swamp:4  | Reached skill level 18 in Polearms
 10061 | Swamp:3  | Got the Lectures on Elsewhere and Striking
 10179 | Swamp:4  | Lost mutation: You have a pair of small horns on your head.
                  | [Jiyva's grace]
 10179 | Swamp:4  | Lost mutation: You have claws for feet. [Jiyva's grace]
 10179 | Swamp:4  | Lost mutation: Your mind is very acute. (Int +8, Str/Dex
                  | -2) [Jiyva's grace]
 10179 | Swamp:4  | Lost mutation: Your flesh is cold resistant. (rC+) [Jiyva's
                  | grace]
 10179 | Swamp:4  | Gained mutation: Your body has grown eyes which may confuse
                  | attackers. (Acc +3) [Jiyva's grace]
 10179 | Swamp:4  | Gained mutation: Your body has grown many eyes which may
                  | confuse attackers. (Acc +5) [Jiyva's grace]
 10179 | Swamp:4  | Gained mutation: Your body is covered in eyes which may
                  | confuse attackers. (Acc +7, SInv) [Jiyva's grace]
 10179 | Swamp:4  | Gained mutation: You have sharp fingernails. [Jiyva's
                  | grace]
 10239 | Swamp:4  | Got a decaying rune of Zot
 10273 | Swamp:4  | Noticed a thorn hunter
 10371 | Swamp:4  | Killed a thorn hunter
 10390 | Swamp:4  | Found a frozen archway.
 10400 | Swamp:4  | Reached skill level 10 in Evocations
 10415 | Swamp:4  | Identified the +0 leather armour of the Bruised Defenders
                  | {Int+3}
 10421 | IceCv    | Entered an ice cave
 10555 | IceCv    | Reached XP level 19. HP: 168/168 MP: 20/20
 10697 | IceCv    | Identified the amulet of Kefik {rN+ Regen+}
 10703 | IceCv    | Identified the amulet of Summer {Spirit rElec SInv}
 10779 | IceCv    | Learned a level 2 spell: Blink
 11412 | D:13     | Identified the +1 pair of gloves of Vuecos {Harm MP+9
                  | Str+8}
 11571 | D:13     | Found the +7 captain's cutlass {speed, disarm}
 11588 | D:13     | Reached skill level 1 in Translocations
 11625 | D:14     | Lost mutation: You have sharp fingernails. [Jiyva's grace]
 11625 | D:14     | Lost mutation: You have razor-sharp toenails. [Jiyva's
                  | grace]
 11625 | D:14     | Lost mutation: You are strong-willed. (Will+) [Jiyva's
                  | grace]
 11625 | D:14     | Lost mutation: You have acidic saliva. [Jiyva's grace]
 11625 | D:14     | Lost mutation: Your body is covered in eyes which may
                  | confuse attackers. (Acc +7, SInv) [Jiyva's grace]
 11625 | D:14     | Lost mutation: You have a small jelly attached to you that
                  | senses nearby items. [Jiyva's grace]
 11625 | D:14     | Gained mutation: You have a pair of small horns on your
                  | head. [Jiyva's grace]
 11625 | D:14     | Gained mutation: You have a pair of horns on your head.
                  | [Jiyva's grace]
 11625 | D:14     | Gained mutation: You have a pair of large horns on your
                  | head. [Jiyva's grace]
 11625 | D:14     | Gained mutation: You are partially covered in iridescent
                  | scales. (AC +2) [Jiyva's grace]
 11659 | D:14     | Reached skill level 19 in Polearms
 11725 | D:14     | Found a gate to the Vaults.
 11865 | D:14     | Found a stormy altar of Qazlal.
 11900 | D:14     | Identified the +1 chain mail of Ashenzari's Favour {*Slow
                  | Int+9 Slay-3}
 12038 | D:15     | Entered Level 15 of the Dungeon
 12178 | D:15     | Found a staircase to the Depths.
 12215 | D:15     | Reached skill level 15 in Fighting
 12402 | Vaults:1 | Entered Level 1 of the Vaults
 12550 | Vaults:1 | Reached XP level 20. HP: 153/178 MP: 21/21
 12740 | Vaults:1 | Found a transporter.
 12750 | Vaults:1 | Found a transporter.
 12790 | Vaults:1 | Noticed Donald
 12805 | Vaults:1 | Killed Donald
 12842 | Vaults:1 | Reached skill level 20 in Polearms
 12875 | Vaults:1 | Reached skill level 5 in Translocations
 13113 | Vaults:2 | Noticed Margery
 13147 | Vaults:2 | Killed Margery
 13343 | Vaults:2 | Noticed Zenata
 13377 | Vaults:3 | Lost mutation: You are partially covered in iridescent
                  | scales. (AC +2) [Jiyva's grace]
 13377 | Vaults:3 | Lost mutation: Your mind is acute. (Int +4, Str/Dex -1)
                  | [Jiyva's grace]
 13377 | Vaults:3 | Lost mutation: Your body has grown many eyes which may
                  | confuse attackers. (Acc +5) [Jiyva's grace]
 13377 | Vaults:3 | Lost mutation: Armour fits poorly on your pseudopods.
                  | [Jiyva's grace]
 13377 | Vaults:3 | Gained mutation: You have a small jelly attached to you
                  | that may absorb projectiles. [Jiyva's grace]
 13377 | Vaults:3 | Gained mutation: Your translucent skin slightly reduces
                  | your foes' accuracy. (Stealth+) [Jiyva's grace]
 13377 | Vaults:3 | Gained mutation: Your translucent skin reduces your foes'
                  | accuracy. (Stealth+) [Jiyva's grace]
 13377 | Vaults:3 | Gained mutation: Your transparent skin significantly
                  | reduces your foes' accuracy. (Stealth+) [Jiyva's grace]
 13456 | Vaults:3 | Noticed Mennas
 13656 | D:15     | Reached XP level 21. HP: 187/187 MP: 22/22
 13688 | Depths:1 | Entered Level 1 of the Depths
 13803 | D:15     | Reached skill level 21 in Polearms
 13831 | Depths:1 | Found Juid's Magic Scroll Shop.
 13843 | Depths:1 | Bought a scroll of teleportation for 39 gold pieces
 13843 | Depths:1 | Bought a scroll of identify for 26 gold pieces
 13843 | Depths:1 | Bought a scroll of immolation for 52 gold pieces
 13843 | Depths:1 | Bought a scroll of poison for 52 gold pieces
 13843 | Depths:1 | Bought a scroll of teleportation for 39 gold pieces
 13843 | Depths:1 | Bought a scroll of identify for 26 gold pieces
 13843 | Depths:1 | Bought a scroll of identify for 26 gold pieces
 13843 | Depths:1 | Bought a scroll of fear for 52 gold pieces
 13860 | Depths:1 | Found a one-way gate to the infinite horrors of the Abyss.
 13873 | Depths:1 | Found a glowing golden altar of the Shining One.
 13939 | Depths:2 | Found a basalt altar of Yredelemnul.
 14067 | Depths:2 | Found Xag Neyb's Weapon Emporium.
 14083 | Depths:3 | Identified the ring of Sif Muna's Envy {Ice rElec rPois
                  | rN++ Slay-5}
 14083 | Depths:3 | Noticed Josephina
 14083 | Depths:3 | Noticed Frederick
 14278 | Depths:2 | Found a transporter.
 14279 | Depths:2 | Found a transporter.
 14292 | Depths:2 | Found a bloodstained altar of Trog.
 14292 | Depths:2 | Noticed a juggernaut
 14372 | Depths:3 | Found a one-way gateway to a ziggurat.
 14373 | Depths:3 | Found Giugat's Vocational Training.
 14431 | Depths:3 | Killed Frederick
 14471 | Depths:3 | Killed Josephina
 14480 | Depths:3 | Noticed the Enchantress
 14486 | Depths:3 | Found a gateway to Hell.
 14508 | Depths:3 | Killed the Enchantress
 14593 | Depths:3 | Reached XP level 22. HP: 196/196 MP: 23/23
 14643 | Depths:4 | Entered Level 4 of the Depths
 14837 | Depths:4 | Found a one-way gate leading to the halls of Pandemonium.
 14934 | Depths:4 | Noticed a golden dragon
 15036 | Depths:3 | Killed a golden dragon
 15259 | Depths:4 | Found a gate to the Realm of Zot.
 15269 | Depths:4 | Lost mutation: You have a pair of large horns on your head.
                  | [Jiyva's grace]
 15269 | Depths:4 | Lost mutation: You have sharp toenails. [Jiyva's grace]
 15269 | Depths:4 | Lost mutation: You have a small jelly attached to you that
                  | may absorb projectiles. [Jiyva's grace]
 15269 | Depths:4 | Gained mutation: Your rubbery body absorbs attacks. (AC +1,
                  | EV +1) [Jiyva's grace]
 15269 | Depths:4 | Gained mutation: Your pliable body absorbs attacks. (AC +2,
                  | EV +2) [Jiyva's grace]
 15269 | Depths:4 | Gained mutation: Your gelatinous body deflects attacks. (AC
                  | +3, EV +3) [Jiyva's grace]
 15269 | Depths:4 | Gained mutation: Your body has grown many eyes which may
                  | confuse attackers. (Acc +5) [Jiyva's grace]
 15300 | Zot:1    | Entered Level 1 of the Realm of Zot
 15425 | Zot:1    | Reached skill level 10 in Shields
 15646 | Zot:1    | Reached XP level 23. HP: 199/205 MP: 24/24
 15698 | Zot:1    | Reached skill level 22 in Polearms
 15929 | Zot:4    | Noticed a golden dragon
 15945 | Zot:3    | Killed a golden dragon
 15960 | Zot:2    | Noticed a golden dragon
 15961 | Zot:2    | Noticed a golden dragon
 15986 | Zot:5    | Entered Level 5 of the Realm of Zot
 16070 | Zot:4    | Noticed a curse toe
 16080 | Zot:4    | Killed a curse toe
 16100 | Zot:4    | Noticed a dread lich
 16117 | Zot:4    | Noticed a golden dragon
 16139 | Zot:4    | Killed a dread lich
 16140 | Zot:4    | Reached skill level 15 in Evocations
 16175 | Zot:4    | Noticed a dread lich
 16182 | Zot:4    | Killed a dread lich
 16315 | Zot:4    | Identified the ring "Kezentod" {rF+++ rC+ Will+ Str+6
                  | Dex-5}
 16576 | Zot:5    | Reached XP level 24. HP: 184/216 MP: 24/24
 16833 | Zot:5    | Noticed an ancient lich
 16874 | Zot:5    | Noticed a Killer Klown
 16874 | Zot:5    | Noticed a golden dragon
 16880 | Zot:5    | Noticed an orb of fire
 16891 | Zot:5    | Slimified a golden dragon
 16891 | Zot:5    | a golden dragon changed into an azure jelly
 16903 | Zot:5    | Gained mutation: You are vulnerable to heat. (rF-) [an orb
                  | of fire]
 16905 | Zot:5    | Killed an orb of fire
 17090 | Zot:5    | Noticed a Killer Klown
 17112 | Zot:5    | Killed a Killer Klown
 17143 | Zot:5    | Noticed an orb of fire
 17158 | Zot:5    | Killed an orb of fire
 17159 | Zot:5    | Lost mutation: You are vulnerable to heat. (rF-) [potion of
                  | mutation]
 17159 | Zot:5    | Gained mutation: You have sharp fingernails. [potion of
                  | mutation]
 17183 | Zot:5    | Killed an ancient lich
 17215 | Zot:5    | Noticed an orb of fire
 17227 | Zot:5    | Noticed an orb of fire
 17244 | Zot:5    | Killed an orb of fire
 17245 | Zot:5    | Gained mutation: You sometimes lose your temper in combat.
                  | [an orb of fire]
 17253 | Zot:5    | Killed an orb of fire
 17269 | Zot:5    | Noticed a curse toe
 17272 | Zot:5    | Noticed an ancient lich
 17347 | Zot:5    | Killed an ancient lich
 17353 | Zot:5    | Killed a curse toe
 17356 | Zot:5    | Noticed an orb of fire
 17377 | Zot:5    | Killed an orb of fire
 17382 | Zot:5    | Lost mutation: Your transparent skin significantly reduces
                  | your foes' accuracy. (Stealth+) [potion of mutation]
 17382 | Zot:5    | Gained mutation: You have a pair of large horns on your
                  | head. [potion of mutation]
 17383 | Zot:5    | Lost mutation: Your gelatinous body deflects attacks. (AC
                  | +3, EV +3) [potion of mutation]
 17383 | Zot:5    | Lost mutation: You sometimes lose your temper in combat.
                  | [potion of mutation]
 17383 | Zot:5    | Gained mutation: You are robust. (+10% HP) [potion of
                  | mutation]
 17387 | Zot:5    | Noticed a Killer Klown
 17404 | Zot:5    | Killed a Killer Klown
 17440 | Zot:5    | Noticed a Killer Klown
 17455 | Zot:5    | Killed a Killer Klown
 17482 | Zot:5    | Reached skill level 23 in Polearms
 17506 | Zot:5    | Reached XP level 25. HP: 112/247 MP: 20/24
 17589 | Zot:5    | Got the Orb of Zot
 17799 | D:11     | Lost mutation: You are somewhat resistant to both further
                  | mutation and mutation removal. [Jiyva's grace]
 17799 | D:11     | Lost mutation: Your body has grown many eyes which may
                  | confuse attackers. (Acc +5) [Jiyva's grace]
 17799 | D:11     | Lost mutation: Your pliable body absorbs attacks. (AC +2,
                  | EV +2) [Jiyva's grace]
 17799 | D:11     | Gained mutation: Your melee attacks may engulf your foes in
                  | ooze. [Jiyva's grace]
 17799 | D:11     | Gained mutation: You are partially covered in iridescent
                  | scales. (AC +2) [Jiyva's grace]
 17799 | D:11     | Gained mutation: You are mostly covered in iridescent
                  | scales. (AC +4) [Jiyva's grace]
 17799 | D:11     | Gained mutation: You are completely covered in iridescent
                  | scales. (AC +6) [Jiyva's grace]
 17882 | D:9      | Noticed Nuta the pandemonium lord
 18213 | D:$      | Escaped with the Orb!

Illustrated notes

Levels and vault maps discovered:
D:1:      scummos_arrival_checkerplants, layout_rooms
D:2:      layout_loops_ring, amcnicky_mini_pool_small, uniq_robin
D:3:      layout_basic, nicolae_ecumenical_pavilion, hangedman_feature_mirror,
          minivault_5, minmay_randomly_rotated_circles
D:4:      layout_loops_corners, minmay_temple_entry_ruins,
          gammafunk_ghost_mausoleum, chequers_serial_rivers_micro_b, minmay_bent
D:5:      layout_basic, gammafunk_ghost_grave
D:6:      layout_loops_ring, mainiacjoe_overflow_surrounded_room,
          uniq_blork_the_orc, uniq_edmund
D:7:      layout_loops_ring, nicolae_concentric_dashed_squares_mild,
          minmay_misc_feat_five, chequers_serial_rivers_large_b,
          uniq_crazy_yiuf_cottage
D:8:      layout_rooms, uniq_grum
D:9:      layout_roguey, orc_0_dummy, ebering_ghost_gozag
D:10:     layout_loops_corners, grunt_potential, uniq_sonja
D:11:     kennysheep_ambush_hall, layout_small_grid, david_lair_generic,
          grunt_decor_fettered
D:12:     layout_grid_maze, drop_trap
D:13:     layout_rooms
D:14:     layout_loops_ring, skrybe_vaults_entry_preservation,
          grunt_qazlal_clouds
D:15:     gammafunk_depths_entry_grave, layout_rooms, fedhas_altar_2,
          chequers_serial_rivers_micro_e
Lair:1:   lemuel_ratsnest, layout_chaotic_city, basic_altar,
          gauntlet_entry_generic, nzn_ghost_randoct,
          hangedman_lair_generics_rect
Lair:2:   layout_cave_pods, dummy_spider_entry, grunt_megastairs_3,
          serial_bayou_shore_b, infiniplex_staircase_pool_2, lemuel_fruit_fields
Lair:3:   layout_long_grid, palyth_hydra_swamp_entry, serial_bayou_pond_e,
          cheibrodos_lair_lostbears
Lair:4:   layout_cave_pods, gammafunk_ghost_hydra_chop, st_stairs_9,
          grunt_megastairs_4
Lair:5:   guppyfry_lair_end_dragon, layout_small_grid,
          hangedman_lair_tendril_chambers, nicolae_slime_entry_slimehenge
Swamp:1:  layout_basic_swamp, hangedman_swamp_ruin_wall, swamp_pool2,
          infiniplex_staircase_pool, uniq_mlioglotl, uniq_aizul
Swamp:2:  nicolae_swamp_flooded_prison, layout_basic_swamp,
          gammafunk_ghost_abyssal_escape, evilmike_swamp_ruin_house_2
Swamp:3:  layout_falls_marsh, lemuel_altar_in_water, hangedman_swamp_dais
Swamp:4:  swamp_alternative, layout_basic_swamp,
          portal_ice_cave_entry_pillars_1, uniq_bai_suzhen
Spider:1: layout_spider_delve, nicolae_spider_paper_wasps
Spider:2: layout_spider_delve, hellmonk_deceptive_appearances, uniq_arachne,
          uniq_jorgrun
Spider:3: layout_spider_delve
Spider:4: hellmonk_spider_rune_endless_swarm
Slime:1:  layout_caves
Slime:2:  cheibrodos_slime_lost_civilization_8, layout_caves,
          nicolae_slime_round_cave
Slime:3:  cheibrodos_slime_lost_civilization_2, layout_caves,
          nicolae_slime_ancient_tower_intersection
Slime:4:  layout_caves
Slime:5
Vaults:1: v_rooms_5, hangedman_vaults_locks, vaults_room_ringed_pool,
          gammafunk_sealed_arena, v_misc_5, nicolae_vaults_three_branches,
          v_misc_4, v_misc_12, hangedman_vaults_stretched_pinwheel,
          vaults_dpeg_cross, ontoclasm_vaults_idyll, layout_vaults_big_room,
          serial_shops, nicolae_diamond_shop, uniq_donald
Vaults:2: ontoclasm_vaults_hangar, v_misc_24, nicolae_vaults_back_hallway,
          minmay_crypt_entry_skeletal_spiral, v_misc_13,
          dpeg_vaults_monster_box, nicolae_vaults_specimen_jars,
          ontoclasm_vaults_decontamination, layout_vaults_omnigrid, uniq_zenata,
          uniq_margery
Vaults:3: mu_enter_wizlab_2, nicolae_vaults_hallways_thing, vaults_room_hallway,
          nicolae_vaults_puzzle_piece, hangedman_vaults_stitches,
          hangedman_vaults_slice, st_star, v_misc_27,
          nicolae_vaults_little_squares_3, hangedman_vaults_trim,
          vaults_mumra_chevron, v_misc_3, nicolae_vaults_little_squares_5,
          v_misc_17, layout_vaults_omnibox, serial_glass, uniq_sojobo,
          uniq_mennas
Depths:1: layout_cave_pools, serial_shops, shop, lightli_too_deep, abyss_entry,
          kennysheep_cross_bottleneck, hangedman_abyss_or_decor_lesser_grid,
          moated_statue, nicolae_kite_square_tiling_tiny, tso_metal_star
Depths:2: dreamdust_under_siege, layout_gridlike, abyss_entry, serial_shops,
          shop, hell_entry, rand_demon_pan_entry_9,
          gammafunk_ghost_wrathful_warriors, feat_on_display
Depths:3: minmay_curly_fans, layout_cave_pools, enter_ziggurat_d,
          rand_demon_pan_entry_7, abyss_entry_flame_altar, nicolae_two_hexagons,
          pf_hell_entry_tar_river, chequers_serial_rivers_micro_c,
          nicolae_shop_vocational, minmay_staircase_windowed_small,
          serial_bayou_shore_a, firewood_loft, uniq_josephina, uniq_frederick,
          uniq_enchantress
Depths:4: grunt_x_marks_the_spot, layout_gridlike, rand_demon_pan_entry_3,
          evilmike_ruin_ashenzari, marbit_kobold_abyss_entry, hell_entry,
          enter_trove_3, serial_corexii_hall, corexii_hall_statues_i,
          corexii_hall_statues_l
Zot:1:    layout_gridville, lemuel_lich_library, uniq_grunn
Zot:2:    layout_misc_corridors, grunt_ministairs_6
Zot:3:    layout_onion_interference
Zot:4:    hellmonk_paralyzer, layout_onion_interference
Zot:5:    layout_misc_corridors

Skill      XL: |  1  2  3  4  5  6  7  8  9 10 11 12 13 14 15 16 17 18 19 20 21 22 23 24 25 |
---------------+----------------------------------------------------------------------------+-----
Armour         | 1 2 3 5 6 8 9 10 11 13 14 15 16 17 18 19 20 21 | 21.9
Fighting       | 4 5 6 7 8 9 10 11 12 13 14 15 16 17 18 | 18.4
Maces & Flails | 5 6 7 9 10 13 14 16 | 16.7
Dodging        | 4 5 6 7 8 10 11 12 13 14 15 16 17 18 19 | 19.7
Polearms       | 11 13 15 16 17 18 19 20 21 22 23 | 23.1
Shields        | 5 7 8 10 11 12 13 | 13.1
Evocations     | 4 8 10 11 12 13 14 15 16 | 16.3
Translocations | 4 5 6 8 |  8.0
Stealth        | |  1.7

Action                   |  1- 3 |  4- 6 |  7- 9 | 10-12 | 13-15 | 16-18 | 19-21 | 22-24 | 25-27 || total
-------------------------+-------+-------+-------+-------+-------+-------+-------+-------+-------++-------
Melee: Mace              |   109 |   152 |    58 |       |       |       |       |       |       ||   319
       Punch             |       |     2 |     3 |     7 |    11 |       |       |       |       ||    23
       Pseudopods        |       |    15 |    33 |   117 |   196 |   248 |   131 |       |       ||   740
       Flail             |       |       |    87 |   379 |    53 |       |       |       |       ||   519
       Trishula          |       |       |       |       |   759 |   907 |   865 |   912 |    45 ||  3488
       Kick              |       |       |       |       |    85 |   415 |   301 |   108 |       ||   909
       Bite              |       |       |       |       |    31 |   144 |    12 |       |       ||   187
       Headbutt          |       |       |       |       |       |   191 |   172 |   279 |    15 ||   657
Throw: Dart              |       |       |       |     5 |     3 |       |       |     2 |       ||    10
 Cast: Blink             |       |       |       |       |       |       |       |     1 |       ||     1
Invok: Oozemancy         |       |       |     2 |     2 |     1 |     3 |     2 |       |       ||    10
       Slimify           |       |       |       |       |     2 |     1 |     1 |     1 |       ||     5
Evoke: Wand              |       |       |     5 |     2 |     3 |     9 |     3 |     5 |     1 ||    28
       Phantom mirror    |       |       |       |     1 |       |       |       |       |       ||     1
  Use: Scroll            |       |     1 |     4 |       |     6 |    15 |    14 |     3 |       ||    43
       Potion            |       |       |       |       |     3 |     6 |     2 |     8 |       ||    19
 Stab: Distracted        |       |       |     1 |       |     1 |     3 |     2 |     1 |       ||     8
       Confused          |       |       |       |       |     1 |     6 |    10 |    14 |       ||    31
       Paralysed         |       |       |       |       |     1 |       |       |       |       ||     1
Armor: Robe              |    67 |       |       |       |       |       |       |       |       ||    67
       Ring mail         |     4 |    78 |    88 |    27 |       |       |       |       |       ||   197
       Troll leather arm |       |       |       |    88 |       |       |       |       |       ||    88
       Quicksilver drago |       |       |       |    45 |   359 |   231 |   147 |   161 |     6 ||   949
       Chain mail        |       |       |       |    44 |       |       |       |       |       ||    44
Dodge: Dodged            |    99 |    90 |    82 |   256 |   637 |   502 |   399 |   474 |    36 ||  2575
Block: Buckler           |       |       |       |       |   105 |   493 |   306 |   264 |    15 ||  1183
       Reflection        |       |       |       |       |       |     6 |    13 |       |       ||    19

Table legend: (Time is in decaauts)
 A = Elapsed time spent in this place.
 B = Non-inter-level travel time spent in this place.
 C = Inter-level travel time spent in this place.
 D = Time resting spent in this place.
 E = Time spent auto-exploring this place.
 F = Levels seen in this place.
 G = Mean time per level.
                   A        B        C        D        E       F      G
               +--------+--------+--------+--------+--------+-----+--------+
         Total |  17103 |  14827 |   2276 |     11 |    135 |  47 |  363.9 |
       Dungeon |   5587 |   4781 |    806 |     11 |    123 |  15 |  372.5 |
          Lair |   2640 |   2157 |    483 |      0 |      0 |   5 |  528.0 |
         Swamp |   1087 |   1000 |     87 |      0 |      2 |   4 |  271.8 |
   Spider Nest |   2072 |   1712 |    360 |      0 |      0 |   4 |  518.0 |
    Slime Pits |    331 |    255 |     76 |      0 |      0 |   5 |   66.2 |
        Vaults |   1085 |    903 |    182 |      0 |      0 |   3 |  361.7 |
        Depths |   1522 |   1370 |    152 |      0 |     10 |   4 |  380.5 |
           Zot |   2083 |   1955 |    128 |      0 |      0 |   5 |  416.6 |
      Ice Cave |    313 |    313 |      0 |      0 |      0 |   1 |  313.0 |
      Gauntlet |    378 |    378 |      0 |      0 |      0 |   1 |  378.0 |
               +--------+--------+--------+--------+--------+-----+--------+

Top non-repeatable levels by time:
   Zot:5: 1152 daAuts
Spider:4: 974 daAuts
  Lair:2: 635 daAuts
    D:10: 619 daAuts
  Lair:5: 598 daAuts
Depths:3: 564 daAuts
  Lair:3: 539 daAuts
Vaults:1: 532 daAuts
    D:14: 531 daAuts
Spider:1: 524 daAuts
    D:11: 506 daAuts
     D:2: 485 daAuts
     D:4: 475 daAuts
  Lair:1: 473 daAuts
Vaults:2: 472 daAuts
